[ PARTIDA AOE2 · #507179308 ]
UnrankedEspañoles vs Bulgarians
Equipo del jugador · VICT
Equipo rival · DERR
[ ANÁLISIS DE REPETICIÓN · EXTRAÍDO DE LA PARTIDA GRABADA ]
Feudal
—
Castillos
—
Imperial
—
| APM promedio | 49.9 |
| APM pico | 68 |
| eAPM promedio | 18.4 |
| Aldeanos / militares | 27 / 0 |
Foco
⚔️ 15.4% · 🌾 84.6%
Feudal
—
Castillos
—
Imperial
—
| APM promedio | 57.4 |
| APM pico | 90 |
| eAPM promedio | 17.2 |
| Aldeanos / militares | 21 / 3 |
Foco
⚔️ 33.6% · 🌾 66.4%
Militia ×3
Mapa de la partida
Recursos iniciales + cada clic de construcción. Líneas = muros · curvas = relieve. ◆ oro · ⬟ piedra · ● bayas · ✦ reliquia · ◌ hueco del cierre
Tu base
Base de No Pauses
Terreno inicial suavizado · ◌ = hueco del cierre detectado · pasá el cursor para detalles
Inputs por minuto
— YAYA - - No Pauses
Build order — YAYA
37 acciones detectadas en el replay
| 0:01 | Encolar | Villager (Male) ×4 |
| 0:02 | Construir | House |
| 0:04 | Construir | House |
| 1:24 | Encolar | Villager (Male) |
| 1:25 | Encolar | Villager (Male) |
| 1:54 | Encolar | Villager (Male) |
| 1:55 | Encolar | Villager (Male) |
| 2:47 | Encolar | Villager (Male) |
| 2:47 | Encolar | Villager (Male) |
| 2:47 | Encolar | Villager (Male) |
| 3:32 | Encolar | Villager (Male) |
| 3:32 | Encolar | Villager (Male) |
| 3:39 | Construir | House |
| 3:55 | Encolar | Villager (Male) |
| 3:55 | Encolar | Villager (Male) |
| 4:20 | Construir | Palisade Wall |
| 4:25 | Encolar | Villager (Male) |
| 4:26 | Encolar | Villager (Male) |
| 4:34 | Construir | Mill |
| 4:54 | Encolar | Villager (Male) |
| 4:54 | Encolar | Villager (Male) |
| 5:43 | Encolar | Villager (Male) |
| 5:43 | Encolar | Villager (Male) |
| 5:51 | Construir | Lumber Camp |
| 6:19 | Construir | House |
| 6:24 | Encolar | Villager (Male) |
| 6:24 | Encolar | Villager (Male) |
| 6:50 | Construir | Palisade Wall |
| 7:10 | Encolar | Villager (Male) |
| 7:10 | Encolar | Villager (Male) |
| 7:30 | Investigar | Loom |
| 8:09 | Construir | Mill |
| 8:15 | Construir | Palisade Wall |
| 8:20 | Encolar | Villager (Male) |
| 8:20 | Encolar | Villager (Male) |
| 8:57 | Construir | House |
| 9:04 | Construir | House |
Build order — No Pauses
37 acciones detectadas en el replay
| 0:01 | Encolar | Villager (Male) |
| 0:01 | Encolar | Villager (Male) |
| 0:01 | Encolar | Villager (Male) |
| 0:02 | Construir | House |
| 0:05 | Construir | House |
| 0:45 | Encolar | Villager (Male) |
| 0:45 | Encolar | Villager (Male) |
| 1:32 | Encolar | Villager (Male) |
| 1:32 | Encolar | Villager (Male) |
| 1:51 | Encolar | Villager (Male) |
| 2:11 | Construir | Lumber Camp |
| 2:46 | Encolar | Villager (Male) |
| 2:47 | Encolar | Villager (Male) |
| 3:18 | Encolar | Villager (Male) |
| 3:18 | Encolar | Villager (Male) |
| 3:46 | Encolar | Villager (Male) |
| 3:46 | Encolar | Villager (Male) |
| 3:56 | Investigar | Loom |
| 4:23 | Construir | House |
| 4:57 | Encolar | Villager (Male) |
| 4:57 | Encolar | Villager (Male) |
| 5:12 | Construir | Barracks |
| 5:23 | Construir | Palisade Wall |
| 5:24 | Construir | Palisade Wall |
| 5:25 | Construir | Palisade Wall |
| 5:41 | Encolar | Villager (Male) |
| 6:11 | Encolar | Militia |
| 6:11 | Encolar | Militia |
| 6:14 | Encolar | Militia |
| 6:22 | Construir | House |
| 6:26 | Construir | Palisade Wall |
| 6:28 | Construir | Palisade Wall |
| 6:40 | Encolar | Villager (Male) |
| 7:20 | Encolar | Villager (Male) |
| 8:07 | Encolar | Villager (Male) |
| 8:09 | Construir | Lumber Camp |
| 8:42 | Encolar | Villager (Male) |
Cronología de la partida
| 4:20 | YAYA · wall_segment Palisade Wall x5 |
| 5:12 | No Pauses · first_building Barracks |
| 5:23 | No Pauses · wall_segment Palisade Wall x1 |
| 5:24 | No Pauses · wall_segment Palisade Wall x1 |
| 5:25 | No Pauses · wall_segment Palisade Wall x1 |
| 6:26 | No Pauses · wall_segment Palisade Wall x1 |
| 6:28 | No Pauses · wall_segment Palisade Wall x1 |
| 6:50 | YAYA · wall_segment Palisade Wall x4 |
| 8:15 | YAYA · wall_segment Palisade Wall x6 |
| 9:09 | No Pauses · resign |
[ ANÁLISIS IA · 1 CRÉDITO ]
¿Qué pasó realmente en esta partida?
Wolo.gg analiza cada decisión: build order, eco, micro, errores típicos por bracket. Análisis personalizado por WhatsApp o Discord en 30 segundos.
Guía civ
Españoles
Perfil
Jugador #11964270